 Dungeon Crawl Stone Soup version 0.31.0-11-ge490571c62 (webtiles) character file.

Game seed: 18075990978737916135

94 Zeia the Trooper (level 4, -4/42 HPs)
             Began as a Minotaur Fighter on Jan 26, 2024.
             Slain by Crazy Yiuf
             ... wielding a +4 quarterstaff of chaos
              (6 damage)
             ... on level 2 of the Dungeon.
             The game lasted 00:03:00 (1258 turns).

Zeia the Trooper (Minotaur Fighter)                 Turns: 1258, Time: 00:03:00

Health: -4/42      AC:  8    Str: 23    XL:     4   Next: 38%
Magic:  3/3        EV:  9    Int:  5    God:
Gold:   199        SH:  4    Dex:  9    Spells: 3/3 levels left

rFire   . . .        a - +0 war axe
rCold   . . .        c - +0 buckler
rNeg    . . .        b - +0 scale mail
rPois   .            (helmet restricted)
rElec   .            (no cloak)
rCorr   .            (no gloves)
SInv    .            l - +0 pair of boots
Will    .....        (no amulet) Stlth
                     (no ring)
HPRegen 0.27/turn    (no ring)
MPRegen 0.08/turn

%: no passive effects
@: mighty, lethally poisoned (-4 -> -10)
A: horns 2, retaliatory headbutt
a: no special abilities


You were on level 2 of the Dungeon.
You visited 1 branch of the dungeon, and saw 2 of its levels.

You collected 199 gold pieces.

Inventory:

Hand Weapons
 a - a +0 war axe (weapon)
Armour
 b - a +0 scale mail (worn)
 c - a +0 buckler (worn)
 l - a +0 pair of boots (worn)
Jewellery
 m - a ring of wizardry
Scrolls
 f - a scroll of revelation {unknown}
 g - 2 scrolls of blinking {unknown}
 h - 3 scrolls of torment {unknown}
 i - a scroll of vulnerability {unknown}
 j - a scroll of immolation {unknown}
Potions
 e - a potion of heal wounds {unknown}
 k - a potion of brilliance {unknown}


   Skills:
 + Level 5.1 Fighting
 + Level 4.3 Axes
 - Level 3.6 Armour
 - Level 3.6 Shields


You had 3 spell levels left.
You didn't know any spells.
Your spell library contained the following spells:

 Spells                   Type           Power      Damage    Failure   Level
 Lesser Beckoning         Tloc           0%         N/A       94%         2
 Gell's Gravitas          Tloc           0%         N/A       99%         3
 Teleport Other           Tloc           0%         N/A       99%         3


Dungeon Overview and Level Annotations

Branches:
Dungeon (2/15)

Altars:

Annotations:
D:2 Crazy Yiuf


Innate Abilities, Weirdness & Mutations

You have a pair of horns on your head.
You reflexively headbutt those who attack you in melee.


Message History

The fungus is lightly damaged.
You slash the fungus!
The fungus is moderately damaged.
A nearby fungus withers and dies.
Found a hammer.
Found a runed translucent door.
You open the door. You hit Crazy Yiuf.
Crazy Yiuf is moderately wounded.
Crazy Yiuf closely misses you. You furiously retaliate!
You headbutt Crazy Yiuf! You barely miss Crazy Yiuf.
Crazy Yiuf is severely wounded.
Crazy Yiuf says, "Pitchfork infinity unthinkable!"
Crazy Yiuf hits you with a +4 quarterstaff of chaos!
You are poisoned.
You barely miss Crazy Yiuf.
Crazy Yiuf is severely wounded.
You feel extremely sick. Crazy Yiuf barely misses you.
Crazy Yiuf hits you with a +4 quarterstaff of chaos!
You are too injured to fight recklessly!
You are too injured to fight recklessly!
You are too injured to fight recklessly!
Unknown command.
You hit Crazy Yiuf but do no damage.
Crazy Yiuf is severely wounded.
* * * LOW HITPOINT WARNING * * *
You feel very sick.
Crazy Yiuf laughs, "Liver!"
Crazy Yiuf hits you but does no damage.
You hit Crazy Yiuf.
Crazy Yiuf is severely wounded.
* * * LOW HITPOINT WARNING * * *
You feel very sick. Crazy Yiuf barely misses you.
You feel very mighty all of a sudden.
* * * LOW HITPOINT WARNING * * *
You feel very sick.
Crazy Yiuf hits you with a +4 quarterstaff of chaos.
You die...

.####...............#
## ##..#############
##..# #..## #..#
#####..###♣♣♣♣♣
#........'..♣.♣♣♣ ###
..#.......♣P.♣..♣#...#
#...##....PP♣♣♣♣@g...#
..####...+P♣♣ ♣♣#..)#
.##.....##♣♣ ###
###.....# # #.....# #
#.....### ###.....#.#
##........#
.........####


You could see Crazy Yiuf.

Vanquished Creatures
  Jessica (D:2)
  2 ribbon worms (D:2)
  3 dart slugs (D:1)
  6 ball pythons
  2 bats
  4 endoplasms
  2 giant cockroaches
  4 goblins
  6 hobgoblins
  8 jackals
  7 kobolds
  A quokka (D:2)
  A frilled lizard (D:2)
  3 rats
50 creatures vanquished.

Notes
Turn   | Place    | Note
-------+----------+-------------------------------------------
     0 | D:1      | Zeia the Minotaur Fighter began the quest for the Orb.
     0 | D:1      | Reached XP level 1. HP: 19/19 MP: 0/0
   142 | D:1      | Reached skill level 4 in Fighting
   142 | D:1      | Reached XP level 2. HP: 26/27 MP: 1/1
   405 | D:1      | Reached XP level 3. HP: 34/34 MP: 2/2
   823 | D:2      | Noticed Jessica
   828 | D:2      | Killed Jessica
   829 | D:2      | Reached XP level 4. HP: 41/41 MP: 3/3
   873 | D:2      | Reached skill level 5 in Fighting
  1248 | D:2      | Found a runed translucent door.
  1249 | D:2      | Noticed Crazy Yiuf
  1258 | D:2      | HP: 2/42 [poisoned by Crazy Yiuf]
  1258 | D:2      | Slain by Crazy Yiuf

Illustrated notes

Levels and vault maps discovered:
D:1:      wander_arrival_desolate, layout_loops_cross, dreamdust_wishing_well
D:2:      layout_rooms, nicolae_concentric_dashed_squares_mild, uniq_jessica,
          uniq_crazy_yiuf_cottage

Skill      XL: |  1  2  3  4 |
---------------+-------------+-----
Fighting       | 4 5 |  5.1
Axes           | 3 4 |  4.3
Armour         | |  3.6
Shields        | |  3.6

Action                     |  1- 3 |  4- 6 || total
---------------------------+-------+-------++-------
  Melee: War axe           |    68 |    36 ||   104
         Headbutt          |     7 |     3 ||    10
    Use: Potion            |       |     1 ||     1
 Armour: Scale mail        |    61 |    23 ||    84
  Dodge: Dodged            |    37 |    15 ||    52
  Block: Buckler           |    13 |     4 ||    17
